 Dungeon Crawl Stone Soup version 0.21.1 (webtiles) character file.

527 Larett the Covert (level 7, -2/45 HPs)
             Began as an Octopode Assassin on Feb 5, 2018.
             Was a Follower of Ashenzari.
             Slain by a sky beast (5 damage)
             ... on level 5 of the Dungeon.
             The game lasted 00:13:11 (4905 turns).

Larett the Covert (Octopode Assassin)               Turns: 4905, Time: 00:13:12

Health: -2/45      AC:  1    Str: 10    XL:     7   Next: 23%
Magic:  7/7        EV: 14    Int: 13    God:    Ashenzari [*.....]
Gold:   202        SH:  0    Dex: 18    Spells: 6/6 levels left

rFire    x . .     SeeInvis .   a - +4 dagger
rCold    + + .     Gourm    .   (no shield)
rNeg     . . .     Faith    .   (helmet restricted)
rPois    .         Spirit   .   (no amulet)
rElec    .         Reflect  .   c - ring of protection from cold (curse)
rCorr    .         Harm     .   K - ring of ice
MR       .....                  P - +2 ring of dexterity (curse)
Stlth    ++++++....             (no ring)
HPRegen  0.15/turn              (no ring)
MPRegen  0.10/turn              (no ring)
                                (no ring)
                                (no ring)

@: no status effects
A: almost no armour, stealthy swim, amphibious, 8 rings, constrict 8, camouflage
1, gelatinous body 1
a: Curse Item, Scrying, Renounce Religion


You were on level 5 of the Dungeon.
You worshipped Ashenzari.
Ashenzari was aware of your devotion.
You were not hungry.

You visited 1 branch of the dungeon, and saw 5 of its levels.

You collected 202 gold pieces.

Inventory:

Hand Weapons
 a - a +4 dagger (weapon)
 b - a +0 blowgun
Missiles
 d - a curare-tipped needle
 t - 120 stones (quivered)
 y - 33 poisoned needles
 L - 20 bolts
 N - 28 arrows
 Z - 2 throwing nets {!f}
Jewellery
 c - a cursed ring of protection from cold (left tentacle)
 K - a ring of ice (right tentacle)
 P - a cursed +2 ring of dexterity (on tentacle)
Wands
 I - a wand of iceblast (8)
Scrolls
 v - a scroll of noise {!r}
 M - a scroll of magic mapping {!r}
 O - a scroll of immolation {unknown}
 T - 3 scrolls of teleportation
 W - a scroll of remove curse
 X - a scroll of fog {unknown}
Potions
 p - 3 potions of mutation {!q!q}
 w - 2 potions of heal wounds
 J - a potion of magic {unknown}
 Q - 2 potions of curing
 S - a potion of resistance {unknown}
 U - 2 potions of flight
 V - a potion of brilliance {unknown}
 Y - 2 potions of berserk rage
Comestibles
 f - 7 rations


   Skills:
 - Level 2.0 Fighting
 - Level 2.0 Short Blades
 - Level 2.0 Throwing
 + Level 2.8 Dodging
 - Level 11.0 Stealth


You had 6 spell levels left.
You didn't know any spells.

Dungeon Overview and Level Annotations

Branches:
Dungeon (5/15)             Temple (0/1) D:4

Altars:
Ashenzari
Qazlal
Sif Muna
Xom
Zin


Innate Abilities, Weirdness & Mutations

You cannot wear most types of armour.
You are very stealthy in the water. (Stealth+)
You are amphibious.
You can wear up to eight rings at the same time.
You can use your tentacles to constrict eight enemies at once.
Your skin changes colour to match your surroundings (Stealth+).
Your rubbery body absorbs attacks. (AC +1, EV +1)


Message History

The sky beast flickers out of sight!
Deactivating autopickup; reactivate with Ctrl-A.
a - a +4 dagger (weapon)
You closely miss something. Something hits you. Something shocks you.
You hit something. Your squeeze misses something. Something hits you.
Something shocks you.
You hit something. Your squeeze misses something. Something hits you.
Something shocks you.
You barely miss something. You squeeze something. Something hits you.
Something shocks you.
* * * LOW HITPOINT WARNING * * *
You hit something. Something hits you.
* * * LOW HITPOINT WARNING * * *
Something shocks you.
* * * LOW HITPOINT WARNING * * *
You miss something. You completely miss something. Something hits you.
* * * LOW HITPOINT WARNING * * *
Something shocks you.
You die...

......#
#......#.
#.......
#.......
##.).....
.......?##
#.......#
#......<#
#.....@{#
##.......(#
........####
.........
....####.
#### ##


There were no monsters in sight!

Vanquished Creatures
  A scorpion (D:4)
  A howler monkey (D:4)
  A bullfrog skeleton (D:4)
  2 hounds (D:4)
  2 orc wizards
  Ijyb (D:4)
  2 worker ants (D:4)
  8 gnolls
  4 adders
  An ooze (D:2)
  4 worms
  A dart slug (D:2)
  2 leopard geckos (D:2)
  7 orcs
  7 bats
  4 giant cockroaches
  13 goblins
  11 hobgoblins
  4 jackals
  6 kobolds
  A quokka (D:3)
  6 frilled lizards
  7 rats
96 creatures vanquished.

Notes
Turn   | Place    | Note
-------+----------+-------------------------------------------
     0 | D:1      | Larett the Octopode Assassin began the quest for the Orb.
     0 | D:1      | Reached XP level 1. HP: 14/14 MP: 1/1
    74 | D:1      | Reached XP level 2. HP: 19/19 MP: 2/2
    86 | D:1      | Reached skill level 6 in Stealth
   563 | D:1      | Found a shattered altar of Ashenzari.
   668 | D:1      | Became a worshipper of Ashenzari the Shackled
   699 | D:1      | Reached XP level 3. HP: 22/24 MP: 3/3
   968 | D:2      | Reached skill level 7 in Stealth
  1133 | D:2      | Reached XP level 4. HP: 27/29 MP: 4/4
  1420 | D:2      | Reached skill level 8 in Stealth
  2262 | D:3      | Found a stormy altar of Qazlal.
  2295 | D:3      | Reached XP level 5. HP: 25/34 MP: 5/5
  2508 | D:2      | Reached skill level 9 in Stealth
  3094 | D:3      | Reached * piety under Ashenzari
  3277 | D:4      | Reached XP level 6. HP: 39/39 MP: 6/6
  3290 | D:4      | Reached skill level 10 in Stealth
  3454 | D:4      | Noticed an angel
  3455 | D:4      | Found a shimmering altar of Xom.
  3455 | D:4      | Found a glowing silver altar of Zin.
  3782 | D:4      | Reached skill level 11 in Stealth
  3912 | D:4      | Found a deep blue altar of Sif Muna.
  4075 | D:4      | Found a staircase to the Ecumenical Temple.
  4200 | D:4      | Reached XP level 7. HP: 14/45 MP: 7/7
  4644 | D:4      | Noticed Ijyb
  4688 | D:4      | Killed Ijyb
  4894 | D:5      | Entered Level 5 of the Dungeon
  4903 | D:5      | HP: 3/45 [something (5)]
  4905 | D:5      | Slain by a sky beast

Skill      XL: |  1  2  3  4  5  6 |
---------------+-------------------+-----
Stealth        | 6 7 8 9 11 | 11.0
Dodging        | 2 |  2.8
Fighting       | |  2.0
Short Blades   | |  2.0
Throwing       | |  2.0

Action                   |  1- 3 |  4- 6 |  7- 9 || total
-------------------------+-------+-------+-------++-------
Melee: Dagger            |    60 |   109 |    16 ||   185
       Tentacles         |     9 |    24 |     2 ||    35
       Constrict         |    10 |    27 |     1 ||    38
 Fire: Blowgun           |       |     1 |    22 ||    23
Invok: Curse Item        |       |     2 |       ||     2
  Use: Scroll            |     3 |     4 |     1 ||     8
 Stab: Sleeping          |    10 |    19 |       ||    29
       Distracted        |     1 |       |       ||     1
  Eat: Chunk             |     1 |     8 |       ||     9
       Ration            |       |       |     1 ||     1
Armor: Skin              |     9 |     7 |       ||    16
Dodge: Dodged            |    20 |    63 |     8 ||    91
